Map: Ever Dream LE

Players

TempoJezus

  • Race: Zerg Zerg
  • League: Master
  • Spawn Location: 7:00

Livibee - Winner!

  • Race: Terran Terran
  • League: Master
  • Spawn Location: 1:00

VOD

Have the link to the VOD?

Description

Time

  • Played on: April 15, 2020, 3:53 a.m.
  • Length: 34:55
Show
View Real Time Build Order
Export as new Build Order

TempoJezus Zerg 

Build Orders: Hatch First 

Get SALT Encoding   

  12  0:00  Drone  
  13  0:12  Overlord  
  13  0:16  Drone  
  14  0:31  Drone x2  
  16  0:47  Hatchery  
  15  0:51  Drone  
  15  0:54  Drone  
  17  0:57  Drone  
  18  1:07  Extractor  
  17  1:13  Spawning Pool  
  17  1:15  Drone  
  17  1:19  Drone  
  18  1:28  Drone  
  19  1:41  Drone  
  20  1:49  Overlord  
  20  1:59  Queen x2  
  20  2:00  Zergling x4  
  26  2:09  Drone  
  26  2:11  Drone  
  28  2:22  Hatchery  
  27  2:25  Drone  
  27  2:26  Drone  
  29  2:38  Queen  
  29  2:42  Metabolic Boost  
  31  2:48  Overlord  
  31  2:50  Drone x2  
  31  2:51  Drone  
  34  2:53  Drone  
  34  2:55  Drone  
  36  3:06  Drone x2  
  36  3:10  Drone  
  36  3:11  Drone  
  36  3:12  Overlord  
  40  3:16  Drone  
  41  3:21  Overlord  
  41  3:27  Drone  
  41  3:28  Drone  
  43  3:35  Queen x2  
  43  3:36  Queen  
  49  3:43  Drone x4  
  53  3:52  Zergling x2  
  53  3:53  Zergling x8  
  58  3:55  Overlord  
  58  3:59  Overlord  
  58  4:09  Overlord x2  
  50  4:32  Drone x15  
  50  4:38  Spore Crawler  
  64  4:39  Evolution Chamber  
  64  4:41  Evolution Chamber  
  64  4:43  Spore Crawler  
  64  4:44  Spore Crawler  
  60  4:47  Overlord  
  60  5:09  Hatchery  
  60  5:13  Zergling x20  
  60  5:14  Zergling x2  
  70  5:39  Lair  
  70  5:42  Zerg Melee Weapons Level 1, Zerg Ground Armor Level 1  
  61  5:43  Baneling Nest  
  56  6:01  Drone x15  
  56  6:02  Drone x3  
  69  6:20  Extractor  
  69  6:21  Extractor x2  
  69  6:22  Drone x2, Extractor  
  69  6:24  Drone  
  68  6:27  Extractor  
  68  6:29  Drone  
  68  6:30  Drone x3  
  71  6:37  Drone  
  71  6:38  Drone x4  
  71  6:39  Drone  
  73  6:54  Overseer  
  69  7:13  Centrifical Hooks  
  66  7:16  Drone x2  
  66  7:17  Hydralisk Den, Drone x3  
  66  7:19  Hatchery  
  69  7:30  Queen  
  69  7:31  Queen x2  
  69  7:36  Zerg Ground Armor Level 2, Zerg Melee Weapons Level 2  
  75  7:38  Overlord x3  
  75  7:39  Overlord x2  
  75  7:40  Drone x10  
  75  7:41  Zergling x22  
  96  8:05  Zergling x20, Hatchery  
  106  8:09  Baneling x6  
  97  8:20  Overlord x3  
  97  8:21  Overlord  
  97  8:22  Pneumatized Carapace  
  92  8:30  Hydralisk x8  
  110  8:34  Drone x2  
  110  8:48  Zergling x22  
  121  8:53  Overseer  
  121  8:54  Overseer  
  113  8:59  Overlord  
  113  9:09  Extractor  
  112  9:10  Extractor  
  112  9:11  Hydralisk x7  
  112  9:15  Grooved Spines  
  125  9:18  Infestation Pit  
  125  9:22  Drone x4  
  125  9:23  Drone  
  130  9:32  Baneling x14  
  130  9:33  Baneling x2  
  130  9:34  Baneling  
  128  9:51  Zergling x2  
  128  9:52  Zergling x30  
  130  9:56  Queen  
  128  10:08  Overlord  
  128  10:09  Hive  
  128  10:15  Baneling x24  
  128  10:16  Baneling x4  
  128  10:25  Overlord  
  128  10:42  Drone x14  
  142  10:43  Overlord, Drone x2  
  127  11:08  Zergling x62  
  127  11:09  Zergling x2  
  159  11:22  Overlord x2  
  159  11:27  Zerg Melee Weapons Level 3, Zerg Ground Armor Level 3  
  159  11:28  Adrenal Glands  
  159  11:31  Ultralisk Cavern, Baneling x13  
  159  11:32  Baneling x2  
  158  11:33  Baneling x2  
  158  11:34  Baneling x2  
  158  11:35  Baneling x3  
  158  11:36  Overseer  
  158  11:52  Overlord x3  
  158  11:54  Queen  
  158  11:55  Queen  
  162  12:07  Zergling x36  
  163  12:28  Chitinous Plating  
  163  12:45  Extractor  
  162  12:53  Ultralisk x2  
  162  12:54  Ultralisk x4  
  162  12:55  Hatchery  
  197  13:02  Spire  
  152  13:38  Overlord  
  152  13:39  Overlord x2  
  152  13:41  Baneling  
  152  13:42  Baneling x4  
  152  13:46  Hydralisk x3  
  152  13:47  Anabolic Synthesis, Hydralisk  
  161  13:48  Zergling x24  
  161  13:49  Zergling x10  
  177  13:58  Zergling x2  
  177  13:59  Zergling x20  
  188  14:05  Hatchery  
  188  14:07  Hatchery  
  186  14:15  Baneling x22  
  186  14:18  Baneling x11  
  186  14:19  Baneling x4  
  186  14:21  Greater Spire, Nydus Network  
  185  14:36  Spire  
  184  14:40  Zergling x24  
  171  14:55  Zergling x28  
  185  15:14  Zergling x28  
  190  15:17  Overseer  
  150  15:38  Baneling x5  
  150  15:39  Baneling x13  
  150  15:42  Drone x9  
  157  16:08  Ultralisk x4  
  181  16:13  Zergling x12  
  181  16:14  Zergling x10  
  192  16:37  Nydus Canal  
  180  17:02  Viper  
  180  17:03  Viper x3  
  192  17:09  Zerg Flyer Armor Level 1, Zerg Flyer Weapons Level 1  
  185  17:16  Unknown  
  185  17:22  Nydus Canal, Hatchery  
  179  17:45  Overlord x2  
  179  17:58  Corruptor x7  
  179  17:59  Corruptor  
  179  18:03  Corruptor  
  197  18:07  Corruptor  
  199  18:28  Overseer  
  138  19:15  Zergling x54  
  138  19:16  Zergling x22  
  161  19:40  Brood Lord x10  
  161  19:43  Corruptor x3  
  180  19:58  Nydus Canal  
  180  20:00  Corruptor x2  
  180  20:04  Hatchery  
  180  20:05  Hatchery  
  145  20:28  Corruptor x3  
  145  20:34  Nydus Canal  
  151  20:37  Zergling x42  
  165  20:57  Nydus Canal  
  130  21:28  Extractor x2  
  130  21:29  Unknown  
  130  21:31  Drone x10  
  136  21:38  Extractor  
  136  21:39  Extractor  
  107  22:04  Drone, Extractor  
  107  22:05  Drone x2  
  101  22:22  Ultralisk x2  
  105  22:23  Ultralisk  
  105  22:25  Zergling x42  
  138  22:37  Ultralisk  
  138  22:38  Zergling x20  
  138  22:42  Queen  
  138  22:43  Queen  
  138  22:44  Queen  
  154  22:58  Burrow  
  154  23:09  Zerg Flyer Weapons Level 2  
  154  23:10  Zerg Flyer Armor Level 2  
  154  23:19  Hatchery  
  153  23:45  Overseer  
  153  23:46  Overseer x3  
  153  23:48  Overseer x2  
  153  23:49  Corruptor x9  
  171  24:04  Baneling x15  
  171  24:05  Baneling x3  
  171  24:06  Zergling x56  
  154  24:53  Queen  
  153  25:19  Drone  
  153  25:20  Drone x3  
  153  25:21  Drone x2  
  154  25:28  Overseer  
  154  25:41  Zerg Flyer Armor Level 3, Zerg Flyer Weapons Level 3  
  152  25:53  Drone  
  152  25:54  Drone  
  154  26:05  Nydus Canal  
  153  26:12  Spore Crawler  
  152  26:22  Spore Crawler  
  152  26:23  Spore Crawler  
  152  26:25  Spore Crawler  
  149  26:27  Spore Crawler  
  149  26:28  Spore Crawler  
  141  26:35  Pathogen Glands  
  139  26:49  Hatchery  
  139  26:50  Hatchery  
  137  27:30  Brood Lord x14  
  137  27:31  Viper, Neural Parasite  
  137  27:32  Viper x2  
  137  27:34  Viper  
  177  27:48  Corruptor  
  171  28:32  Spine Crawler, Spore Crawler  
  169  28:36  Spine Crawler, Spore Crawler  
  169  28:40  Spore Crawler  
  166  28:41  Spine Crawler  
  166  28:43  Overseer x4  
  166  28:47  Corruptor x4  
  159  30:05  Corruptor x4  
  159  30:06  Corruptor x4  
  156  30:14  Nydus Canal  
  156  30:36  Extractor  
  156  30:40  Nydus Canal  
  151  30:59  Extractor  
  151  31:01  Nydus Canal  
  110  31:47  Viper x3  
  99  32:19  Drone  
  100  32:32  Hatchery  
  100  32:34  Brood Lord x3  
  105  32:46  Zergling x28  
  101  33:38  Corruptor x2  
  85  34:20  Corruptor x3  
Show
View Real Time Build Order
Export as new Build Order

Livibee Terran - Winner!

Build Orders: Gas First Reaper Expand, Liberator Opening 

Get SALT Encoding   

  12  0:01  SCV  
  13  0:13  SCV  
  14  0:17  Supply Depot  
  14  0:25  SCV  
  15  0:30  Refinery  
  15  0:39  SCV  
  16  0:45  Barracks  
  16  1:03  SCV  
  17  1:15  SCV  
  18  1:35  Reaper, Orbital Command  
  19  1:45  Command Center  
  19  2:05  SCV  
  19  2:08  Barracks Reactor  
  20  2:13  Factory  
  20  2:15  Supply Depot  
  20  2:17  SCV  
  22  2:30  SCV  
  22  2:31  Refinery  
  21  2:44  Marine  
  21  2:46  SCV  
  23  2:57  Starport  
  23  2:58  Orbital Command  
  23  3:03  SCV  
  24  3:08  Hellion x2  
  28  3:15  SCV  
  29  3:24  SCV  
  30  3:27  SCV  
  30  3:30  Hellion x2  
  35  3:34  Liberator  
  35  3:41  SCV x2  
  40  3:47  Supply Depot  
  40  3:53  SCV x2, Hellion x2  
  46  4:00  Supply Depot  
  46  4:09  SCV x2  
  48  4:11  Armory  
  48  4:14  Hellion x2  
  52  4:21  SCV  
  51  4:29  SCV  
  48  4:33  SCV  
  48  4:34  Liberator  
  48  4:35  Hellion  
  48  4:36  Hellion  
  54  4:41  SCV  
  56  4:45  SCV  
  56  4:48  Command Center  
  56  4:53  SCV  
  56  4:57  SCV  
  58  5:05  SCV  
  58  5:06  Barracks Tech Lab  
  59  5:08  Supply Depot  
  59  5:09  SCV  
  59  5:13  Factory Reactor  
  60  5:17  SCV  
  61  5:22  SCV  
  61  5:23  Starport Reactor  
  61  5:24  Engineering Bay, Stimpack  
  61  5:25  Engineering Bay  
  61  5:27  Marine  
  61  5:29  SCV  
  61  5:32  Barracks  
  61  5:33  Barracks  
  61  5:34  SCV  
  63  5:41  SCV  
  58  5:44  Refinery  
  58  5:45  Refinery  
  58  5:46  SCV  
  55  5:53  SCV  
  56  5:58  SCV  
  56  6:01  Terran Infantry Weapons Level 1, Terran Infantry Armor Level 1  
  56  6:03  Barracks  
  54  6:04  Barracks  
  54  6:05  SCV, Orbital Command  
  54  6:06  Factory Reactor  
  54  6:10  SCV  
  56  6:11  Supply Depot  
  56  6:14  Terran Vehicle Weapons Level 1, Marine  
  56  6:17  SCV  
  58  6:22  SCV  
  59  6:30  SCV, Marine x2  
  59  6:31  Medivac x2  
  66  6:34  SCV, Supply Depot  
  66  6:36  Marine  
  66  6:38  Marine x2  
  70  6:48  Marine  
  70  6:50  Armory, Supply Depot, Marine  
  70  6:52  Widow Mine x2  
  78  6:56  Marine x2  
  78  6:59  Barracks Reactor x2  
  78  7:02  Supply Depot  
  78  7:05  Supply Depot  
  78  7:06  SCV x2  
  78  7:08  Supply Depot x2, Marine x2  
  82  7:19  SCV  
  82  7:20  SCV  
  82  7:22  Orbital Command  
  84  7:25  Marine x3  
  84  7:26  Widow Mine  
  84  7:27  Widow Mine  
  88  7:32  SCV x2  
  88  7:35  Marine x2  
  92  7:38  Marine  
  92  7:39  Marine  
  95  7:44  SCV x2  
  95  7:45  Marine  
  95  7:46  Marauder, Marine x3  
  95  7:49  SCV  
  103  7:53  Combat Shield, Marine x2, Supply Depot  
  103  7:56  Marine  
  103  7:58  Supply Depot, Bunker  
  106  8:03  Marine x2  
  106  8:04  Marine  
  106  8:10  Marine x3  
  106  8:11  Marine  
  109  8:21  Marine x2  
  109  8:25  Marine x3  
  112  8:28  Marine x2  
  112  8:29  Marauder  
  112  8:31  SCV x3  
  112  8:32  Barracks  
  112  8:33  Barracks  
  112  8:34  Barracks  
  119  8:35  Supply Depot  
  119  8:38  Supply Depot  
  119  8:40  Command Center, Marine x3  
  122  8:42  Widow Mine x2, Marine  
  122  8:45  Terran Infantry Armor Level 2, Terran Infantry Weapons Level 2  
  122  8:47  Marine x2  
  122  8:48  SCV x2  
  131  8:54  SCV, Medivac x2  
  134  8:57  Terran Vehicle Weapons Level 2  
  134  9:00  SCV  
  135  9:05  Refinery  
  135  9:06  Marauder  
  135  9:07  SCV x2  
  135  9:08  Refinery  
  139  9:10  Marine x2  
  140  9:19  SCV x2  
  140  9:20  Marine x6  
  140  9:21  Barracks Tech Lab x2  
  140  9:22  Barracks Tech Lab  
  147  9:28  Marauder  
  147  9:30  Medivac x2  
  153  9:34  Marine x2  
  153  9:36  Widow Mine  
  153  9:38  Widow Mine, Marine x5  
  164  9:49  Marauder  
  133  9:55  Marauder  
  133  9:57  Widow Mine, Marine x3  
  133  9:58  Marauder  
  133  9:59  Marauder, Marine x5, Widow Mine  
  138  10:01  Concussive Shells  
  138  10:07  Command Center  
  138  10:11  Marine  
  137  10:14  Medivac  
  137  10:15  Marine x3  
  137  10:19  Widow Mine, Marine x2  
  137  10:20  Marauder, Marine, Widow Mine  
  151  10:21  Marine  
  152  10:37  Sensor Tower  
  152  10:40  Marine  
  152  10:41  Marauder  
  152  10:42  Marauder, Marine  
  158  10:45  Marauder, Marine x4  
  158  10:46  Marauder, Marine x2  
  168  10:52  Widow Mine  
  165  10:58  Marine  
  165  11:02  Marauder  
  157  11:04  Marauder, Marine  
  157  11:05  SCV x3  
  157  11:11  Marauder, Marine x6  
  168  11:12  Medivac  
  168  11:16  Marine  
  168  11:17  SCV  
  168  11:18  Planetary Fortress  
  173  11:28  SCV x2  
  173  11:29  SCV  
  176  11:40  Terran Vehicle Weapons Level 3, Terran Infantry Weapons Level 3, Terran Infantry Armor Level 3  
  176  11:45  Terran Vehicle And Ship Armor Level 1  
  176  11:46  Marine  
  176  11:47  Marauder, Marine, Factory  
  179  11:49  Factory Tech Lab  
  179  11:51  Factory  
  179  11:52  Marine x2  
  179  11:53  Marauder  
  184  11:54  Medivac x2  
  184  12:01  Marauder, Marine x4  
  190  12:06  SCV x3  
  197  12:11  Planetary Fortress  
  193  12:24  Medivac x2  
  193  12:26  Siege Tank  
  193  12:29  Supply Depot x2  
  200  12:36  Command Center x2  
  198  12:38  Factory Tech Lab  
  198  12:50  Marauder  
  200  12:58  Factory Tech Lab  
  200  13:19  Marauder  
  188  13:33  Siege Tank x2  
  188  13:34  Siege Tank  
  181  13:37  Marine  
  181  13:38  Marauder  
  184  13:42  SCV  
  184  13:45  Sensor Tower x2  
  184  13:47  Sensor Tower  
  185  13:50  Orbital Command, Command Center x2, Planetary Fortress  
  185  13:54  Missile Turret  
  185  13:55  Missile Turret  
  185  13:58  Missile Turret x2, Command Center  
  185  14:00  Refinery x2  
  189  14:02  Marine x2  
  189  14:03  Marauder x4, Marine x4  
  189  14:07  Ghost Academy  
  199  14:10  Terran Vehicle And Ship Armor Level 2  
  199  14:17  Terran Ship Weapons Level 1  
  199  14:33  Missile Turret  
  199  14:34  Missile Turret  
  187  14:52  Marauder x4, Marine x3  
  175  14:53  Siege Tank x2  
  175  14:54  Siege Tank  
  175  14:56  Liberator x2  
  175  14:57  Marine x2  
  189  15:01  Marine x3  
  192  15:09  Marine  
  192  15:13  Marauder x4  
  167  15:25  Siege Tank x2  
  156  15:31  Orbital Command  
  158  15:38  Orbital Command  
  158  15:41  Siege Tank  
  161  15:43  Marine x2  
  161  15:45  Ghost x2  
  161  15:48  Ghost Academy  
  163  15:50  Ghost Academy  
  163  15:54  Refinery  
  163  15:55  SCV, Refinery  
  164  15:57  Siege Tank  
  164  15:58  Marauder  
  164  15:59  SCV x2  
  164  16:03  SCV  
  172  16:07  SCV  
  172  16:11  SCV x2  
  175  16:15  SCV  
  175  16:16  Planetary Fortress  
  176  16:18  Unknown  
  176  16:19  SCV  
  176  16:23  SCV x2  
  179  16:27  SCV  
  179  16:31  SCV  
  179  16:32  Personal Cloaking  
  181  16:35  SCV x2  
  183  16:49  Terran Vehicle And Ship Armor Level 3  
  176  17:09  Marauder  
  176  17:12  Nuke  
  178  17:21  Terran Ship Weapons Level 2  
  178  17:24  SCV x3  
  178  17:25  SCV x2  
  178  17:29  Missile Turret x2  
  183  17:30  Viking  
  183  17:31  Viking  
  183  17:35  SCV  
  183  17:36  SCV x2  
  190  17:40  Ghost  
  192  17:53  Planetary Fortress  
  192  17:58  Nuke  
  192  17:59  Missile Turret x2  
  192  18:01  Missile Turret  
  192  18:12  Ghost x2, Marauder  
  198  18:13  SCV x2  
  162  19:10  Nuke  
  162  19:16  Marine  
  162  19:17  Marauder x3, Marine x2  
  166  19:18  Ghost  
  166  19:19  Marine x5  
  177  19:34  Marine x2  
  177  19:35  Marine  
  180  19:38  Marauder  
  170  19:54  Ghost x3  
  170  19:55  Marine x5  
  170  19:56  Marine x3  
  170  19:58  SCV, Orbital Command  
  185  20:13  Marine  
  179  20:23  Viking x2  
  179  20:25  Thor  
  186  20:40  Thor  
  179  21:11  Marine x7  
  171  21:19  Marine  
  171  21:25  Thor  
  155  21:45  Marine  
  155  21:46  Marine x4  
  155  21:47  SCV x2  
  156  21:53  Barracks  
  147  21:54  Barracks  
  147  21:56  Barracks x2  
  139  22:03  SCV, Ghost, Marine x3  
  144  22:08  SCV x2  
  144  22:09  SCV x2  
  144  22:15  SCV  
  149  22:19  Marine  
  149  22:20  SCV  
  149  22:21  SCV x3, Marine x3  
  155  22:27  SCV  
  156  22:32  Marine  
  156  22:33  SCV x4  
  161  22:37  Marine  
  161  22:39  SCV, Marine x2  
  165  22:44  Command Center  
  165  22:45  SCV x3  
  165  22:46  SCV  
  165  22:49  Thor  
  165  22:50  Ghost  
  177  22:51  SCV  
  177  22:52  Marine x5  
  177  22:55  Marine  
  177  22:57  SCV, Marine  
  186  23:03  Ghost Academy  
  186  23:06  Refinery  
  186  23:17  Barracks Reactor x2  
  186  23:18  Barracks Reactor, Barracks Tech Lab x2  
  186  23:32  Barracks Tech Lab  
  186  23:35  Ghost  
  188  23:45  Thor x2  
  188  23:47  Factory Tech Lab  
  200  23:53  Command Center  
  200  23:58  Missile Turret  
  157  24:42  Ghost x2  
  157  24:43  Ghost, Liberator x2  
  157  24:44  Marine x3  
  157  24:45  Marauder, Marine x2  
  176  24:49  Thor x3  
  192  25:04  Marine  
  192  25:06  Marauder  
  195  25:12  Marauder  
  197  25:16  Missile Turret, Marine x3  
  197  25:18  Refinery x2  
  197  25:19  Missile Turret  
  197  25:20  Missile Turret  
  200  25:35  Planetary Fortress  
  197  25:50  Command Center  
  197  26:00  Nuke  
  197  26:05  Ghost Academy  
  197  26:07  Ghost Academy x2  
  194  26:12  Sensor Tower  
  191  26:37  Command Center  
  182  26:59  Planetary Fortress  
  182  27:05  Missile Turret  
  182  27:07  Command Center  
  182  27:08  Missile Turret  
  182  27:10  Nuke x2  
  182  27:11  Missile Turret, Nuke  
  180  27:27  Command Center  
  178  27:38  Command Center x2  
  172  28:20  Ghost x4  
  172  28:21  Marine x8  
  172  28:23  Siege Tank x3  
  197  28:28  Nuke  
  197  28:29  Nuke x2  
  197  28:38  Marine  
  197  28:39  Marine  
  199  28:50  Sensor Tower  
  199  28:51  Planetary Fortress  
  199  28:54  Sensor Tower  
  199  28:56  Refinery  
  199  28:59  Sensor Tower  
  199  29:00  Planetary Fortress, Refinery  
  199  29:02  Planetary Fortress  
  197  29:13  Marine x3  
  198  29:27  Orbital Command x2  
  198  29:39  Command Center  
  198  29:40  Ghost  
  179  30:07  Marine x4  
  118  30:14  Thor  
  118  30:15  Marine x3, Thor  
  118  30:16  Ghost, Marine  
  118  30:17  Ghost x2  
  118  30:20  Viking x2  
  150  30:24  Marine  
  150  30:25  Marine  
  152  30:31  Marine x2  
  152  30:33  Marine x4  
  157  30:42  Marine x2  
  151  30:44  Ghost  
  151  30:45  Ghost  
  151  30:49  Marine  
  149  30:51  Marine  
  149  30:52  Marine  
  147  30:57  Siege Tank  
  147  30:58  Siege Tank  
  147  31:00  Marine  
  149  31:07  Marine  
  149  31:09  Marine  
  136  31:11  Viking x2  
  136  31:12  Marine  
  136  31:13  Marine  
  136  31:14  Marine  
  143  31:29  Thor x2  
  155  31:38  Marine x3  
  158  31:41  Liberator x2  
  158  31:44  Factory  
  163  31:51  Ghost, Marine  
  163  31:52  Ghost  
  162  31:55  Marine  
  162  31:56  Marine  
  137  32:12  Factory, Marine  
  137  32:13  Planetary Fortress, Marine, Siege Tank  
  148  32:17  Marine x2  
  148  32:20  Marine  
  148  32:21  Marine, Barracks  
  148  32:24  Viking x2  
  148  32:28  Barracks  
  148  32:29  Barracks  
  150  32:30  Marine x2, Barracks  
  150  32:31  Barracks  
  150  32:34  Marine  
  150  32:36  SCV x4  
  159  32:38  Orbital Command, Marine  
  159  32:42  SCV  
  160  32:48  SCV x4  
  160  32:49  Marine x2  
  165  32:52  Marine  
  165  32:56  Marine  
  165  32:57  Factory Tech Lab  
  167  33:07  Marine  
  164  33:22  Marine  
  160  33:30  Ghost x2, Marine x3  
  160  33:31  Marine x2  
  169  33:37  Barracks x2  
  169  33:40  Marine  
  170  33:48  Marine x5  
  175  33:58  Ghost, Marine x2  
  160  34:06  Marine x5  
  160  34:09  Viking x2  
  138  34:16  Marine x2  
  142  34:20  SCV x2  
  142  34:21  SCV x4  
  142  34:24  Marine x5  
  148  34:27  Marine  
  148  34:29  Factory Tech Lab  
  151  34:34  Marine x2  
  151  34:37  Missile Turret  
  153  34:42  Missile Turret  
Tags
 
Add a new tag
Caveats
  • Supply blocks, unpowered buildings, or Contaminate may cause inaccurate times.
  • Supply counts are checked every 10 seconds.